Map: Para Site LE

Players

Smileblind - Winner!

  • Race: Protoss Protoss
  • League: Silver
  • Spawn Location: 5:00

eazyA

  • Race: Protoss Protoss
  • Spawn Location: 11:00

VOD

Have the link to the VOD?

Description

Time

  • Played on: Jan. 16, 2019, 1:01 a.m.
  • Length: 19:51
Show
View Real Time Build Order
Export as new Build Order

Smileblind Protoss - Winner!

Build Orders: Chargelot Immortal 

Get SALT Encoding   

  12  0:02  Probe  
  13  0:18  Probe, Pylon  
  14  0:26  Probe  
  14  0:35  Probe  
  16  0:44  Probe  
  16  0:46  Gateway  
  17  0:56  Probe  
  18  1:06  Forge  
  18  1:08  Probe  
  19  1:17  Gateway  
  19  1:21  Probe  
  20  1:31  Assimilator  
  20  1:33  Probe  
  20  1:35  Assimilator  
  21  1:42  Probe  
  22  1:50  Probe  
  23  2:03  Pylon  
  23  2:09  Photon Cannon  
  23  2:14  Photon Cannon  
  23  2:21  Zealot  
  25  2:25  Cybernetics Core  
  25  2:39  Pylon  
  25  2:58  Adept  
  25  3:03  Nexus  
  25  3:04  Adept  
  25  3:05  Warp Gate  
  29  3:13  Probe  
  30  3:22  Probe  
  30  3:25  Pylon  
  31  3:30  Probe  
  31  3:40  Probe  
  32  3:46  Robotics Facility  
  33  3:52  Probe  
  34  3:56  Sentry  
  34  4:00  Stalker  
  38  4:04  Probe  
  38  4:09  Shield Battery  
  39  4:16  Probe  
  40  4:17  Probe  
  41  4:25  Assimilator  
  41  4:28  Probe  
  41  4:29  Probe  
  39  5:42  Stalker, Probe  
  39  5:43  Stalker  
  44  5:50  Probe  
  44  5:51  Warp Prism  
  47  5:59  Probe  
  48  6:07  Gateway  
  48  6:12  Assimilator, Probe  
  48  6:15  Immortal  
  49  6:19  Photon Cannon, Protoss Ground Weapons Level 1  
  49  6:24  Probe  
  54  6:36  Stalker x2  
  58  6:41  Twilight Council  
  58  6:49  Immortal  
  58  6:51  Photon Cannon  
  58  6:53  Stargate  
  62  7:15  Charge  
  62  7:31  Pylon  
  62  7:32  Pylon  
  62  7:38  Pylon  
  62  7:44  Shield Battery  
  62  7:45  Photon Cannon  
  62  7:49  Immortal  
  66  7:55  Zealot  
  66  7:56  Zealot x2  
  62  8:28  Immortal  
  58  8:46  Zealot x3  
  64  9:24  Zealot x3  
  58  10:02  Zealot  
  58  10:03  Zealot x2  
  52  10:36  Zealot x3  
  52  10:37  Warp Prism  
  58  10:48  Gateway  
  60  10:50  Gateway  
  60  10:52  Void Ray  
  64  10:57  Probe  
  64  10:59  Gateway  
  64  11:04  Protoss Ground Weapons Level 2  
  65  11:05  Probe  
  65  11:09  Sentry x3  
  72  11:15  Probe  
  73  11:27  Probe  
  74  11:34  Stalker x2  
  74  11:35  Void Ray  
  74  11:36  Stalker  
  84  11:54  Stalker  
  86  12:03  Pylon  
  86  12:05  Pylon  
  86  12:07  Pylon  
  86  12:20  Void Ray  
  86  12:21  Zealot  
  86  12:22  Zealot  
  76  13:03  Void Ray  
  62  13:23  Gateway  
  62  13:25  Gateway  
  62  13:28  Gateway  
  62  13:29  Dark Shrine  
  62  13:32  Protoss Air Weapons Level 1  
  62  13:40  Stalker  
  62  13:41  Stalker  
  66  13:42  Stalker  
  66  13:44  Sentry  
  66  13:45  Sentry  
  66  13:46  Void Ray  
  66  13:47  Sentry  
  78  13:53  Pylon  
  78  13:54  Pylon  
  72  14:05  Zealot  
  72  14:06  Zealot x2  
  78  14:13  Stargate  
  78  14:19  Zealot  
  78  14:20  Zealot  
  78  14:21  Zealot  
  84  14:28  Protoss Ground Weapons Level 3  
  84  14:29  Void Ray  
  84  14:30  Stalker x2  
  92  14:31  Stalker  
  92  14:32  Stalker x2  
  98  14:48  Dark Templar x4  
  106  15:02  Dark Templar  
  106  15:03  Dark Templar x4  
  116  15:07  Archon x2  
  116  15:12  Void Ray  
  120  15:21  Stalker  
  120  15:22  Stalker x2  
  126  15:34  Pylon  
  126  15:36  Pylon  
  126  15:54  Void Ray  
  124  16:37  Void Ray  
  110  17:12  Zealot  
  110  17:13  Zealot x3  
  110  17:14  Zealot x3  
  86  18:39  Dark Templar x4  
  86  18:40  Dark Templar x2  
  96  19:01  Zealot x2  
  96  19:02  Zealot  
  102  19:12  Zealot x2  
  102  19:13  Zealot x3  
Show
View Real Time Build Order
Export as new Build Order

eazyA Protoss 

Build Orders:  

Get SALT Encoding   

  12  0:13  Pylon  
  12  0:15  Probe  
  13  0:27  Probe  
  14  0:52  Probe  
  15  0:58  Gateway  
  15  1:18  Assimilator  
  15  1:23  Probe  
  16  1:29  Pylon  
  16  1:35  Probe  
  17  1:47  Probe  
  17  1:50  Nexus  
  18  1:59  Probe  
  18  2:00  Cybernetics Core  
  19  2:10  Forge  
  19  2:11  Probe  
  20  2:18  Zealot  
  20  2:23  Probe  
  23  2:31  Probe  
  24  2:41  Zealot  
  24  2:44  Probe  
  27  2:56  Probe  
  28  2:59  Pylon  
  28  3:03  Probe  
  29  3:15  Probe  
  29  3:18  Zealot  
  32  3:26  Assimilator  
  32  3:29  Probe  
  33  3:37  Probe  
  34  3:45  Probe  
  34  3:51  Protoss Ground Weapons Level 1  
  35  3:58  Probe  
  35  3:59  Warp Gate  
  36  4:06  Probe  
  36  4:15  Probe  
  37  4:17  Stalker  
  40  4:27  Probe  
  41  4:34  Pylon  
  41  4:37  Assimilator  
  40  4:40  Probe  
  38  4:52  Probe  
  38  5:01  Stalker  
  38  5:04  Probe  
  36  5:16  Probe  
  34  5:28  Probe  
  32  5:30  Stalker  
  32  5:32  Probe  
  34  5:40  Probe x2  
  35  5:49  Probe x2  
  38  5:57  Probe  
  38  6:00  Probe  
  40  6:06  Probe  
  40  6:08  Probe  
  41  6:13  Stalker  
  41  6:16  Probe  
  44  6:18  Probe  
  44  6:22  Gateway  
  46  6:28  Probe  
  46  6:31  Probe  
  48  6:36  Assimilator  
  48  6:40  Stalker, Probe  
  48  6:46  Gateway  
  51  6:48  Protoss Ground Armor Level 1, Pylon  
  51  6:54  Pylon  
  51  7:14  Twilight Council  
  51  7:17  Photon Cannon  
  51  7:20  Photon Cannon  
  51  7:28  Photon Cannon  
  51  7:30  Photon Cannon  
  51  7:40  Stalker  
  51  7:41  Stalker  
  51  7:43  Stalker  
  39  8:48  Zealot  
  39  8:49  Zealot  
  39  8:50  Zealot  
  43  9:10  Zealot  
  43  9:11  Zealot  
  43  9:12  Stalker  
  43  9:13  Protoss Shields Level 1  
  48  9:45  Stalker  
  46  9:46  Stalker  
  46  9:47  Stalker  
  48  9:58  Twilight Council  
  48  10:06  Photon Cannon  
  48  10:10  Photon Cannon  
  48  10:16  Photon Cannon  
  42  10:44  Pylon  
  42  10:49  Photon Cannon  
  42  10:56  Zealot  
  44  10:57  Pylon, Zealot  
  44  11:00  Nexus  
  44  11:03  Charge  
  46  11:04  Pylon  
  46  11:06  Pylon  
  46  11:09  Protoss Ground Weapons Level 2  
  46  11:20  Zealot  
  46  11:21  Zealot  
  46  11:22  Zealot  
  52  11:51  Nexus  
  52  12:04  Zealot  
  54  12:08  Zealot  
  56  12:17  Probe  
  57  12:22  Assimilator  
  57  12:27  Assimilator  
  57  12:29  Assimilator, Probe  
  58  12:33  Pylon  
  58  12:36  Pylon  
  58  12:40  Pylon  
  58  12:41  Probe  
  59  12:44  Zealot  
  59  12:45  Zealot  
  59  12:47  Zealot  
  63  12:53  Probe  
  56  13:05  Stalker, Probe  
  53  13:07  Stalker  
  53  13:08  Stalker  
  59  13:14  Protoss Ground Weapons Level 3  
  59  13:27  Pylon  
  59  13:29  Pylon  
  59  13:31  Pylon  
  59  13:49  Photon Cannon  
  59  13:54  Photon Cannon  
  59  13:58  Photon Cannon  
  59  13:59  Probe  
  60  14:08  Probe  
  60  14:12  Probe  
  60  14:17  Probe  
  63  14:24  Resonating Glaives, Probe  
  63  14:28  Adept  
  63  14:29  Stalker, Probe  
  63  14:31  Zealot  
  71  14:36  Probe  
  72  14:39  Gateway  
  72  14:41  Gateway, Probe  
  72  14:43  Gateway  
  73  14:50  Photon Cannon x2  
  73  14:57  Zealot  
  73  14:58  Zealot  
  73  14:59  Stalker  
  79  15:00  Probe  
  80  15:08  Probe  
  81  15:18  Probe  
  82  15:30  Probe  
  82  15:33  Stargate  
  83  15:38  Stargate  
  83  15:40  Stargate, Protoss Shields Level 2  
  83  15:42  Probe, Pylon  
  84  15:53  Pylon  
  84  16:02  Stalker  
  84  16:03  Stalker  
  78  16:05  Stalker  
  78  16:19  Protoss Air Armor Level 1  
  74  16:27  Sentry  
  74  16:29  Zealot  
  74  16:31  Zealot  
  80  16:33  Zealot  
  80  16:35  Zealot  
  80  16:37  Zealot  
  45  17:02  Zealot  
  45  17:03  Zealot  
  45  17:04  Zealot  
  45  17:05  Zealot  
  45  17:07  Zealot  
  45  17:08  Zealot  
  28  17:23  Oracle  
  31  17:38  Oracle  
  22  17:56  Zealot  
  22  17:57  Zealot  
  20  18:33  Stalker  
  20  18:34  Stalker x2  
  26  18:56  Pylon  
  26  18:59  Pylon  
  17  19:23  Nexus  
Tags
 
League
Silver
Matchup
PvP
Spawn Locations
Cross Positions
Add a new tag
Caveats
  • Supply blocks, unpowered buildings, or Contaminate may cause inaccurate times.
  • Supply counts are checked every 10 seconds.